 Dungeon Crawl Stone Soup version 0.30-a0-743-gbfdf073431 (webtiles) character file.

Game seed: 2906702211993874996

60 jimonade the Sneak (level 3, 0/27 HPs)
             Began as a Demonspawn Brigand on Feb 6, 2023.
             Was a Follower of Uskayaw.
             Slain by an iguana (1 damage)
             ... on level 3 of the Dungeon.
             The game lasted 00:03:03 (1729 turns).

jimonade the Sneak (Demonspawn Brigand)             Turns: 1729, Time: 00:03:03

Health: 0/27       AC:  8    Str: 11    XL:     3   Next: 82%
Magic:  3/3        EV: 11    Int: 12    God:    Uskayaw [*.....]
Gold:   131        SH:  0    Dex: 16    Spells: 2/2 levels left

rFire   . . .      SeeInvis .    a - +0 dagger (venom)
rCold   . . .      Faith    .    (no shield)
rNeg    . . .      Spirit   .    y - +0 leather armour
rPois   .          Reflect  .    i - +0 helmet
rElec   .          Harm     .    c - +0 cloak
rCorr   .          Rampage  .    (no gloves)
Will    .....                    (no boots)
Stlth   +++                      (no amulet)
HPRegen 0.24/turn                (no ring)
MPRegen 0.08/turn                (no ring)

@: no status effects
A: molten scales 2
a: Renounce Religion, Stomp


You were on level 3 of the Dungeon.
You worshipped Uskayaw.
Uskayaw was noncommittal.
You visited 1 branch of the dungeon, and saw 3 of its levels.

You collected 131 gold pieces.

Inventory:

Hand Weapons
 a - a +0 dagger of venom (weapon)
 b - a +0 dagger of draining
 j - a +0 short sword
 m - a +0 sling
 p - a +2 dagger
Missiles
 d - 9 poisoned darts (quivered)
 e - 3 curare-tipped darts
Armour
 c - a +0 cloak (worn)
 h - a +0 robe
 i - a +0 helmet (worn)
 l - a +0 ring mail
 y - a +0 leather armour (worn)
Scrolls
 f - 2 scrolls of identify {unknown}
 g - a scroll of vulnerability {unknown}
 q - a scroll of blinking {unknown}
 s - 3 scrolls of poison {unknown}
 u - a scroll of fear {unknown}
 w - a scroll of torment {unknown}
 x - a scroll of teleportation {unknown}
Potions
 k - a potion of brilliance {unknown}
 n - a potion of cancellation {unknown}
 o - 2 potions of might {unknown}
 r - a potion of haste {unknown}
 t - a potion of resistance {unknown}
 v - a potion of curing {unknown}


   Skills:
 + Level 2.2 Fighting
 * Level 2.7 Short Blades
 + Level 1.9 Throwing
 + Level 1.1 Dodging
 + Level 4.2 Stealth


You had 2 spell levels left.
You didn't know any spells.
Your spell library was empty.

Dungeon Overview and Level Annotations

Branches:
Dungeon (3/15)

Altars:
Uskayaw

Shops:
D:1 =


Innate Abilities, Weirdness & Mutations

You are mostly covered in molten scales. (AC +3)


Message History

The white imp is moderately wounded.
The iguana barely misses you.
The white imp shouts, "Back with thee, thou feeble full-gorged apple-john!"
The white imp barely misses you.
You barely miss the white imp.
The white imp is moderately wounded.
The iguana completely misses you. The white imp closely misses you.
You completely miss the white imp.
The white imp is moderately wounded.
The iguana barely misses you.
The white imp shouts, "Scamper hence, thou tottering ruttish pot-faker!"
The white imp hits you. The white imp freezes you.
* * * LOW HITPOINT WARNING * * *
You hit the white imp but do no damage.
The white imp is moderately wounded.
The iguana barely misses you. The white imp hits you.
* * * LOW HITPOINT WARNING * * *
The white imp freezes you.
* * * LOW HITPOINT WARNING * * *
You hit the white imp.
The white imp is heavily wounded.
The iguana barely misses you. The white imp misses you.
You hit the white imp but do no damage.
The white imp is moderately wounded.
The iguana closely misses you. The white imp closely misses you.
The white imp attacks as you move away!
The white imp hits you but does no damage.
The iguana attacks as you move away! The iguana bites you.
* * * LOW HITPOINT WARNING * * *
The white imp spits at you.
The white imp hits you but does no damage.
The white imp attacks as you move away! The white imp closely misses you.
You barely miss the iguana.
The iguana is heavily wounded.
The iguana bites you.
* * * LOW HITPOINT WARNING * * *
You hit the iguana but do no damage.
The iguana looks even sicker.
The iguana is heavily wounded.
The iguana bites you.
You die...

#....# #....# .. +....#
#. #....#### #.##.......#
#.#........+
#.#........####
######....5.........
.........@l.).......
######'###.†...<...
#.....#.........
####..≈..#.........
..#####..'.≈♣≈.+.........
........##..≈..#.........
...#.....#.....#..#......
......)..###'###..#......
.............# ...#......


You could see an iguana (very poisoned) and a white imp.

Vanquished Creatures
  An adder (D:2)
  5 endoplasms
  A giant cockroach (D:1)
  4 goblins
  6 hobgoblins
  9 kobolds
  A quokka (D:1)
  4 ball pythons
  8 bats
  4 frilled lizards (D:1)
  6 rats
49 creatures vanquished.

Notes
Turn   | Place    | Note
-------+----------+-------------------------------------------
     0 | D:1      | jimonade the Demonspawn Brigand began the quest for the
                  | Orb.
     0 | D:1      | Reached XP level 1. HP: 16/16 MP: 1/1
   151 | D:1      | Found a faded altar of an unknown god.
   156 | D:1      | Reached skill level 1 in Dodging
   158 | D:1      | Gained mutation: You are partially covered in molten
                  | scales. (AC +2) [demonic ancestry]
   158 | D:1      | Reached XP level 2. HP: 22/22 MP: 2/2
   381 | D:1      | Found Vasuf's One-of-a-Kind Rings.
   446 | D:1      | Reached skill level 4 in Stealth
   596 | D:1      | Gained mutation: You are mostly covered in molten scales.
                  | (AC +3) [demonic ancestry]
   596 | D:1      | Reached XP level 3. HP: 21/27 MP: 3/3
  1604 | D:3      | Found a hide-covered altar of Uskayaw.
  1624 | D:3      | Became a worshipper of Uskayaw the Reveller
  1699 | D:3      | Reached * piety under Uskayaw
  1728 | D:3      | HP: 1/27 [iguana (2)]
  1729 | D:3      | Slain by an iguana

Illustrated notes

Levels and vault maps discovered:
D:1:      nzn_arrival_settlement, layout_loops_ring,
          hellmonk_ecumenical_altar_zigzags, nicolae_shop_unique_rings
D:2:      layout_basic
D:3:      layout_basic, mainiacjoe_overflow_24_doors,
          kennysheep_generic_room_13, uniq_natasha

Skill      XL: |  1  2 |
---------------+-------+-----
Short Blades   | 2 |  2.7
Dodging        | 1 |  1.1
Stealth        | 4 |  4.2
Fighting       | |  2.2
Throwing       | |  1.9

Action                     || total
---------------------------++-------
  Melee: Dagger            ||   141
         Punch             ||     2
   Stab: Sleeping          ||    11
 Armour: Robe              ||    37
         Leather armour    ||     7
  Dodge: Dodged            ||    80

Table legend: (Time is in decaauts)
 A = Elapsed time spent in this place.
 B = Non-inter-level travel time spent in this place.
 C = Inter-level travel time spent in this place.
 D = Time resting spent in this place.
 E = Time spent auto-exploring this place.
 F = Levels seen in this place.
 G = Mean time per level.
                   A        B        C        D        E       F      G
               +--------+--------+--------+--------+--------+-----+--------+
         Total |   1710 |   1670 |     40 |      0 |   1271 |   3 |  570.0 |
       Dungeon |   1710 |   1670 |     40 |      0 |   1271 |   3 |  570.0 |
               +--------+--------+--------+--------+--------+-----+--------+

Top non-repeatable levels by time:
     D:1: 882 daAuts
     D:2: 692 daAuts
     D:3: 135 daAuts
